 Dungeon Crawl Stone Soup version 0.24-a0-619-gb7544fd237 (webtiles) character file.

Game seed: 17457483401572718336, levelgen mode: deterministic

1250 Jorund the Martial Artist (level 8, 0/76 HPs)
             Began as an Octopode Transmuter on Sept 17, 2019.
             Was an Initiate of Ashenzari.
             Succumbed to a scorpion's poison
             ... on level 6 of the Dungeon on Sept 18, 2019.
             The game lasted 00:11:50 (5453 turns).

Jorund the Martial Artist (Octopode Transmuter)     Turns: 5453, Time: 00:11:51

Health: 0/76       AC: 24    Str:  9    XL:     8   Next: 50%
Magic:  14/14      EV:  2    Int: 17    God:    Ashenzari [......]
Gold:   305        SH:  0    Dex: 13    Spells: 9/15 levels left

rFire    + . .     SeeInvis .     - Unarmed
rCold    + . .     Gourm    .   (no shield)
rNeg     + + +     Faith    .   (helmet currently unavailable)
rPois    +         Spirit   .   s - amulet of rage
rElec    +         Reflect  .   (no ring)
rCorr    +         Harm     .   (no ring)
MR       .....     NoTele   +   (no ring)
Stlth    +.........             (no ring)
HPRegen  0.22/turn              (no ring)
MPRegen  0.14/turn              (no ring)
                                (no ring)
                                (no ring)

@: lethally poisoned (0 -> -2), tree-form, resistant
A: almost no armour, stealthy swim, (amphibious), 8 rings, (constrict 8)
a: Curse Item, Renounce Religion, Evoke Berserk Rage


You were on level 6 of the Dungeon.
You worshipped Ashenzari.
Ashenzari was noncommittal.
You were not hungry.
You were a tree.
You visited 2 branches of the dungeon, and saw 7 of its levels.

You collected 305 gold pieces.

Inventory:

Missiles
 a - 76 arrows
 e - 30 poisoned darts (quivered)
 n - a throwing net
Jewellery
 i - an uncursed amulet of guardian spirit
 r - an uncursed ring of ice
 s - an amulet of rage (around neck)
Wands
 j - a wand of polymorph (7)
 k - a wand of enslavement (15)
 q - a wand of random effects (22)
Scrolls
 f - 3 scrolls of teleportation
 l - 3 scrolls of magic mapping
 m - a scroll of remove curse
 p - a scroll of enchant armour
Potions
 d - a potion of magic
 h - a potion of haste
Comestibles
 c - 10 rations


   Skills:
 + Level 2.5 Fighting
 - Level 2.0 Dodging
 + Level 8.0 Unarmed Combat
 + Level 4.4 Spellcasting
 + Level 4.6 Transmutations


You had 9 spell levels left.
You knew the following spells:

 Your Spells              Type           Power        Failure   Level  Hunger
a - Beastly Appendage     Tmut           ###...       2%          1    None
b - Sticks to Snakes      Tmut           ###.....     3%          2    ##.....
c - Spider Form           Tmut/Pois      ##........   17%         3    ###....

Your spell library contained the following spells:

 Spells                   Type           Power        Failure   Level  Hunger
 Ice Form                 Ice/Tmut       ##......     50%         4    ####...
 Blade Hands              Tmut           ###.......   54%         5    ######.


Dungeon Overview and Level Annotations

Branches:
Dungeon (6/15)             Temple (1/1) D:5

Altars:
Ashenzari
Cheibriados
Dithmenos
Fedhas
Gozag
Hepliaklqana
Kikubaaqudgha
Makhleb
Nemelex Xobeh
Okawaru
Ru
Sif Muna
Trog
Uskayaw
Vehumet
Wu Jian
Xom
Zin


Innate Abilities, Weirdness & Mutations

You cannot wear most types of armour.
You are very stealthy in the water. (Stealth+)
((You are amphibious.))
You can wear up to eight rings at the same time.
((You can use your tentacles to constrict eight enemies at once.))
((Your skin changes colour to match your surroundings (Stealth+).))
((Your rubbery body absorbs attacks. (AC +1, EV +1)))


Message History

* * * LOW HITPOINT WARNING * * *
You feel sick.
You pummel the giant cockroach!!
You kill the giant cockroach!
* * * LOW HITPOINT WARNING * * *
You feel sick.
You feel protected.
* * * LOW HITPOINT WARNING * * *
You feel sick.
* * * LOW HITPOINT WARNING * * *
You feel sick.
* * * LOW HITPOINT WARNING * * *
You feel sick.
* * * LOW HITPOINT WARNING * * *
You feel sick.
* * * LOW HITPOINT WARNING * * *
You feel sick.
* * * LOW HITPOINT WARNING * * *
You feel sick.
You die...

#.# ..#
#.##
##..##
#....
...# #..#
##. #♣)#
.....##†#
#$....<#
#.......#
#..##...#
... #....
#. ......
#
###...##
###.#


There were no monsters in sight!

Vanquished Creatures
  2 sky beasts (D:5)
  A phantom (D:5)
  3 centaurs
  Blork the orc (D:5)
  2 scorpions
  2 howler monkeys
  2 crimson imps (D:5)
  3 hounds
  Jessica (D:2)
  An iguana (D:4)
  Natasha (twice) (D:2)
  2 worker ants
  4 gnolls (D:5)
  9 adders
  A worm (D:3)
  7 dart slugs
  6 leopard geckos
  12 orcs
  4 ball pythons
  11 bats
  5 giant cockroaches
  5 goblins
  12 hobgoblins
  5 kobolds
  11 frilled lizards
  4 rats
118 creatures vanquished.

Notes
Turn   | Place    | Note
-------+----------+-------------------------------------------
     0 | D:1      | Jorund the Octopode Transmuter began the quest for the Orb.
     0 | D:1      | Reached XP level 1. HP: 13/13 MP: 3/3
    91 | D:1      | Reached XP level 2. HP: 11/18 MP: 3/5
   355 | D:1      | Reached XP level 3. HP: 18/23 MP: 6/6
   921 | D:1      | Reached skill level 4 in Unarmed Combat
  1082 | D:2      | Found a radiant altar of Vehumet.
  1086 | D:2      | Reached XP level 4. HP: 28/28 MP: 5/7
  1132 | D:2      | Found a shimmering blue altar of Sif Muna.
  1172 | D:2      | Learned a level 2 spell: Sticks to Snakes
  1176 | D:2      | Learned a level 3 spell: Spider Form
  1435 | D:2      | Noticed Jessica
  1440 | D:2      | Killed Jessica
  1634 | D:2      | Reached XP level 5. HP: 33/33 MP: 7/9
  1705 | D:2      | Noticed Natasha
  1712 | D:2      | Killed Natasha
  1836 | D:3      | Found a faded altar of an unknown god.
  2015 | D:2      | Noticed Natasha
  2290 | D:2      | Killed Natasha
  2290 | D:2      | Reached skill level 5 in Unarmed Combat
  2769 | D:4      | Reached XP level 6. HP: 23/38 MP: 8/10
  3604 | D:5      | Entered Level 5 of the Dungeon
  3604 | D:5      | Noticed Blork the orc
  3612 | D:5      | Killed Blork the orc
  3612 | D:5      | Reached XP level 7. HP: 24/44 MP: 10/12
  3619 | D:5      | Found an ornate altar of the Wu Jian Council.
  3829 | D:5      | Reached skill level 6 in Unarmed Combat
  4203 | D:5      | Reached skill level 7 in Unarmed Combat
  4203 | D:5      | Reached XP level 8. HP: 29/51 MP: 11/14
  4491 | D:5      | Got a twisted dagger
  4523 | D:5      | Found a staircase to the Ecumenical Temple.
  4533 | Temple   | Entered the Ecumenical Temple
  4640 | Temple   | Became a worshipper of Ashenzari the Shackled
  5442 | D:6      | Reached skill level 8 in Unarmed Combat
  5445 | D:6      | HP: 3/76 [poisoned by a scorpion]
  5449 | D:6      | HP: 1/76 [poisoned by a scorpion]
  5453 | D:6      | Succumbed to a scorpion's poison

Levels and vault maps discovered:
D:1:      lemuel_arrival_river_ford, layout_basic, serial_forest,
          infiniplex_forest_clump_curved, infiniplex_forest_straight_4,
          infiniplex_forest_split, infiniplex_forest_3_way,
          infiniplex_forest_straight_2, infiniplex_forest_clump_tiny,
          infiniplex_forest_corner_2, infiniplex_forest_join,
          infiniplex_forest_lined_4_way
D:2:      layout_loops_ring, nicolae_overflow_hidden_temple, vehumet_crystals,
          uniq_jessica, uniq_natasha
D:3:      layout_basic, chequers_ecumenical_altar_simple, first_ration
D:4:      layout_loops_ring
D:5:      layout_layer_cave, lemuel_round_altar,
          minmay_temple_entry_statues_fountains, saegor_snake_ambush,
          uniq_blork_the_orc
D:6:      layout_layer_cave, uniq_pikel
Temple:   regret_index_temple_waves

Skill      XL: |  1  2  3  4  5  6  7  8 |
---------------+-------------------------+-----
Unarmed Combat | 4 5 7 8 |  8.0
Spellcasting   | 3 4 |  4.4
Transmutations | 3 4 |  4.6
Fighting       | 2 |  2.5
Dodging        | |  2.0

Action                   |  1- 3 |  4- 6 |  7- 9 || total
-------------------------+-------+-------+-------++-------
Melee: Unarmed           |    79 |   120 |   100 ||   299
       Constrict         |    24 |    31 |     8 ||    63
       Kick              |     8 |    24 |     5 ||    37
       Tentacles         |    11 |    24 |     4 ||    39
       Punch             |       |     2 |     3 ||     5
Throw: Dart              |    10 |    18 |     1 ||    29
 Cast: Beastly Appendage |     9 |    19 |     5 ||    33
       Spider Form       |       |       |     6 ||     6
  Use: Scroll            |     2 |     8 |     2 ||    12
       Potion            |       |     2 |     3 ||     5
 Stab: Sleeping          |     1 |     3 |     4 ||     8
  Eat: Chunk             |     1 |     7 |     5 ||    13
       Ration            |       |       |     1 ||     1
Armor: Skin              |    17 |    13 |     8 ||    38
Dodge: Dodged            |    54 |    49 |    81 ||   184

Table legend:
 A = Non-vault XP
 B = Vault XP
 C = Vault XP percentage of total XP
 D = Non-vault monster count
 E = Vault monster count
 F = Vault count percentage of total count
                 A         B        C        D         E       F
            +---------+---------+-------+---------+---------+-------
      Total |    1621 |     166 |   9.3 |     113 |       5 |   4.2
            +---------+---------+-------+---------+---------+-------
        D:1 |      66 |       0 |   0.0 |      33 |       0 |   0.0
        D:2 |     130 |      72 |  35.6 |      19 |       2 |   9.5
        D:3 |      33 |       0 |   0.0 |      16 |       0 |   0.0
        D:4 |     268 |       0 |   0.0 |      13 |       0 |   0.0
        D:5 |     950 |      94 |   9.0 |      29 |       3 |   9.4
        D:6 |     174 |       0 |   0.0 |       3 |       0 |   0.0
            +---------+---------+-------+---------+---------+-------
